 Dungeon Crawl Stone Soup version 0.21.1-1-g345015fe64 (webtiles) character file.

98 Holzbalken the Slasher (level 4, -1/33 HPs)
             Began as a Vampire Gladiator on July 10, 2018.
             Slain by an orc priest
             ... wielding a +0 flail
              (3 damage)
             ... on level 3 of the Dungeon.
             The game lasted 00:07:15 (2369 turns).

Holzbalken the Slasher (Vampire Gladiator)          Turns: 2369, Time: 00:07:15

Health: -1/33      AC:  5    Str: 10 (13) XL:     4   Next: 43%
Magic:  4/4        EV: 13    Int:  9 (10) God:
Gold:   58         SH:  0    Dex: 15 (16) Spells: 3/3 levels left

rFire    . . .     SeeInvis +   a - +0 long sword
rCold    + . .     Gourm    .   (no shield)
rNeg     + + .     Faith    .   b - +0 leather armour
rPois    +         Spirit   .   c - +0 helmet
rElec    .         Reflect  .   (no cloak)
rCorr    .         Harm     .   j - +0 pair of gloves
MR       .....                  (no boots)
Stlth    ++........             (no amulet)
HPRegen  0.05/turn              (no ring)
MPRegen  0.09/turn              (no ring)

@: regenerating slowly
A: fangs 3, see invisible, unbreathing
a: Bat Form


You were on level 3 of the Dungeon.
You were very thirsty.

You visited 1 branch of the dungeon, and saw 3 of its levels.

You collected 58 gold pieces.

Inventory:

Hand Weapons
 a - a +0 long sword (weapon)
Missiles
 d - 3 throwing nets (quivered)
Armour
 b - a +0 leather armour (worn)
 c - a +0 helmet (worn)
 j - a +0 pair of gloves (worn)
Jewellery
 l - an uncursed ring of see invisible {unknown}
 o - an uncursed amulet of harm {unknown}
Scrolls
 f - 4 scrolls of identify {unknown}
 g - a scroll of immolation {unknown}
 h - a scroll of amnesia {unknown}
 k - 3 scrolls of fear {unknown}
 m - a scroll of teleportation {unknown}
 p - a scroll of fog {unknown}
Potions
 e - 17 potions of blood
 i - a potion of agility {unknown}


   Skills:
 - Level 2.0 Fighting
 + Level 5.1 Long Blades
 - Level 1.5 Throwing
 - Level 3.4 Dodging


You had 3 spell levels left.
You didn't know any spells.

Dungeon Overview and Level Annotations

Branches:
Dungeon (3/15)

Altars:


Innate Abilities, Weirdness & Mutations

You heal slowly.
You have razor-sharp teeth.
You have supernaturally acute eyesight. (SInv)
You can survive without breathing.


Message History

You bite the orc priest, but do no damage.
The orc priest is lightly wounded.
The orc hits you but does no damage.
The orc priest hits you but does no damage.
You hit the orc priest.
The orc priest is heavily wounded.
The orc hits you with a morningstar. The orc priest hits you with a flail.
* * * LOW HITPOINT WARNING * * *
You closely miss the orc priest. You bite the orc priest.
You draw the orc priest's blood!
You feel better.
You feel slightly less thirsty.
The orc priest is severely wounded.
The orc hits you with a morningstar.
* * * LOW HITPOINT WARNING * * *
The orc priest barely misses you.
It was a potion of degeneration.
There was something very wrong with that liquid.
You feel weakened.
You feel dopey.
You feel clumsy. The orc closely misses you.
The orc priest hits you with a flail.
You die...

#. # #. .#
##### #.
#..#.####
....# .
#.....oo#
#.### .##>
#@# #.# #..
#.# #.#
#.#..# #.#
#.# #.#o.#
#.# #.#
#.#..# #.#
#.# #.#..#
#.# #.###
#.#..# #.#
#...# #.#..#
#.#
###.####.#..#
##.#


You could see an orc priest and an orc.

Vanquished Creatures
  A gnoll (D:1)
  3 adders (D:2)
  A dart slug (D:1)
  4 leopard geckos
  3 orcs (D:3)
  6 bats
  A giant cockroach (D:2)
  6 goblins
  6 hobgoblins
  3 jackals (D:2)
  2 quokkas (D:2)
  5 frilled lizards
  4 kobolds
  6 rats
51 creatures vanquished.

Notes
Turn   | Place    | Note
-------+----------+-------------------------------------------
     0 | D:1      | Holzbalken the Vampire Gladiator began the quest for the Orb.
     0 | D:1      | Reached XP level 1. HP: 16/16 MP: 1/1
   121 | D:1      | Reached XP level 2. HP: 22/22 MP: 2/2
   396 | D:1      | Reached skill level 4 in Long Blades
   396 | D:1      | Reached XP level 3. HP: 27/27 MP: 3/3
  1757 | D:2      | Reached XP level 4. HP: 32/33 MP: 4/4
  2031 | D:2      | Reached skill level 5 in Long Blades
  2369 | D:3      | Slain by an orc priest

Skill      XL: |  1  2  3  4 |
---------------+-------------+-----
Fighting       | 2 |  2.0
Long Blades    | 4 5 |  5.1
Throwing       | |  1.5
Dodging        | |  3.4

Action                   |  1- 3 |  4- 6 || total
-------------------------+-------+-------++-------
Melee: Long sword        |    85 |    34 ||   119
       Bite              |     6 |     5 ||    11
  Use: Potion            |     2 |     1 ||     3
 Stab: Sleeping          |     1 |     3 ||     4
Armor: Leather armour    |    21 |     8 ||    29
Dodge: Dodged            |    72 |    31 ||   103
       Rpst.: Long sword |    20 |     6 ||    26
